 Dungeon Crawl Stone Soup version 0.24.0-123-gd5b16e6ec5 (webtiles) character file.

Game seed: 17656040485061071887, levelgen mode: deterministic

588 Bergy the Chopper (level 7, 0/41 HPs)
             Began as a Gargoyle Fighter on Jan 6, 2020.
             Was an Initiate of Okawaru.
             Slain by a centaur (4 damage)
             ... on level 5 of the Dungeon.
             The game lasted 00:11:55 (4278 turns).

Bergy the Chopper (Gargoyle Fighter)                Turns: 4278, Time: 00:11:56

Health: 0/41       AC: 12    Str: 21    XL:     7   Next: 38%
Magic:  7/7        EV:  7    Int:  9    God:    Okawaru [......]
Gold:   218        SH:  8    Dex:  9    Spells: 6/6 levels left

rFire    . . .     SeeInvis .   y - +2 flail (drain)
rCold    . . .     Gourm    .   c - +0 shield
rNeg     + . .     Faith    .   b - +0 scale mail
rPois    ∞         Spirit   .   q - +0 helmet
rElec    +         Reflect  .   (no cloak)
rCorr    .         Harm     .   (no gloves)
MR       .....                  (no boots)
Stlth    ..........             (no amulet)
HPRegen  0.13/turn              (no ring)
MPRegen  0.10/turn              (no ring)

@: hasted, drained, very quick
A: negative energy resistance 1, electricity resistance, unbreathing,
petrification resistance, rot immunity, AC +4
a: Renounce Religion


You were on level 5 of the Dungeon.
You worshipped Okawaru.
Okawaru was noncommittal.
You were hungry.

You visited 2 branches of the dungeon, and saw 6 of its levels.

You collected 218 gold pieces.

Inventory:

Hand Weapons
 n - a +1 mace of protection
 y - a +2 flail of draining (weapon)
Armour
 b - a +0 scale mail (worn)
 c - a +0 shield (worn)
 q - a +0 helmet (worn)
Scrolls
 e - 2 scrolls of immolation
 i - 4 scrolls of identify
 j - 4 scrolls of remove curse
 k - a scroll of amnesia {unknown}
 l - a scroll of enchant weapon {unknown}
 o - 3 scrolls of magic mapping {unknown}
 r - 2 scrolls of teleportation {unknown}
 s - a scroll of fog {unknown}
 t - 2 scrolls of random uselessness {unknown}
 x - a scroll of blinking {unknown}
Potions
 d - a potion of might
 g - a potion of mutation {unknown}
 h - a potion of resistance {unknown}
 m - a potion of haste
 p - 2 potions of degeneration {unknown}
 u - 2 potions of brilliance {unknown}
 v - a potion of agility {unknown}
 w - a potion of heal wounds {unknown}
Comestibles
 f - 9 rations


   Skills:
 - Level 3.2(2.2) Fighting
   Level 6.7(5.7) Axes
 * Level 2.7(4.3) Maces & Flails
 - Level 3.2(2.2) Armour
 - Level 3.2(2.2) Shields


You had 6 spell levels left.
You didn't know any spells.
Your spell library was empty.

Dungeon Overview and Level Annotations

Branches:
Dungeon (5/15)             Temple (1/1) D:4

Altars:
Ashenzari
Cheibriados
Dithmenos
Elyvilon
Fedhas
Gozag
Hepliaklqana
Kikubaaqudgha
Nemelex Xobeh
Okawaru
Qazlal
Sif Muna
Trog
Uskayaw
Vehumet
Wu Jian
Xom
Zin
The Shining One

Shops:
D:4 *


Innate Abilities, Weirdness & Mutations

You are resistant to torment.
Your stone body is resilient. (AC +4)
You are immune to poison.
You resist negative energy. (rN+)
You are resistant to electric shocks. (rElec)
You can survive without breathing.
You are immune to petrification.
You are immune to rotting.


Message History

You are feeling hungry.
The centaur shoots an arrow.
The arrow hits you.
The centaur unwields a +0 shortbow.
The centaur hits you.
* * * LOW HITPOINT WARNING * * *
You hit the centaur.
The centaur is moderately wounded.
The centaur hits you.
* * * LOW HITPOINT WARNING * * *
The centaur barely misses you.
You hit the centaur.
The centaur is heavily wounded.
The centaur hits you.
* * * LOW HITPOINT WARNING * * *
You barely miss the centaur.
The centaur is heavily wounded.
The centaur hits you.
* * * LOW HITPOINT WARNING * * *
The centaur hits you but does no damage.
It was a potion of haste.
You feel yourself speed up. The centaur hits you.
You die...

............... .
............... ..
.............# ..
#...c......# .# #...!.....#
.. .##.........# #
.......(...# .. #
.......(##### .....#
.......%(c@(## #.....#
........(....## ##.......
###.....(.....#####.####...
#...##....................
#... #....................
#... #....................
#.. #....................
#. #....................
#............########


You could see a centaur.

Vanquished Creatures
  Edmund (D:4)
  A hound (D:4)
  Jessica (D:2)
  A bullfrog skeleton (D:5)
  Natasha (thrice) (D:2)
  4 worker ants
  Robin (D:2)
  9 adders
  2 oozes
  5 worms
  3 dart slugs
  A leopard gecko (D:4)
  An orc (D:4)
  3 ball pythons
  3 giant cockroaches (D:2)
  18 goblins
  7 hobgoblins
  8 jackals
  8 kobolds
  4 quokkas
  7 bats
  5 frilled lizards
  A leopard gecko skeleton (D:4)
  8 rats
105 creatures vanquished.

Notes
Turn   | Place    | Note
-------+----------+-------------------------------------------
     0 | D:1      | Bergy the Gargoyle Fighter began the quest for the Orb.
     0 | D:1      | Reached XP level 1. HP: 14/14 MP: 1/1
    97 | D:1      | Reached skill level 2 in Axes
   202 | D:1      | Reached XP level 2. HP: 19/19 MP: 2/2
   632 | D:2      | Reached skill level 3 in Axes
   632 | D:2      | Reached XP level 3. HP: 9/23 MP: 3/3
   916 | D:2      | Noticed Natasha
   923 | D:2      | Killed Natasha
   923 | D:2      | Reached XP level 4. HP: 26/28 MP: 4/4
  1061 | D:2      | Reached skill level 4 in Axes
  1269 | D:2      | Noticed Jessica
  1285 | D:2      | Killed Jessica
  1285 | D:2      | Reached XP level 5. HP: 25/32 MP: 5/5
  1487 | D:2      | Noticed Robin
  1505 | D:2      | Killed Robin
  1590 | D:2      | Noticed Natasha
  1607 | D:2      | Killed Natasha
  1607 | D:2      | Reached skill level 5 in Axes
  1618 | D:2      | Found an ancient bone altar of Kikubaaqudgha.
  1931 | D:2      | Noticed Natasha
  1944 | D:2      | Killed Natasha
  2043 | D:3      | Reached XP level 6. HP: 37/37 MP: 6/6
  2134 | D:3      | Found a shadowy altar of Dithmenos.
  2462 | D:3      | Reached skill level 6 in Axes
  2607 | D:3      | Found a faded altar of an unknown god.
  3014 | D:4      | Found a staircase to the Ecumenical Temple.
  3035 | Temple   | Entered the Ecumenical Temple
  3189 | Temple   | Became a worshipper of Warmaster Okawaru
  3394 | D:4      | Noticed Edmund
  3457 | D:4      | Killed Edmund
  3457 | D:4      | Reached XP level 7. HP: 32/41 MP: 7/7
  3540 | D:4      | Found Piddebar's Assorted Antiques.
  3823 | D:4      | Reached skill level 1 in Maces & Flails
  4156 | D:5      | Entered Level 5 of the Dungeon
  4278 | D:5      | Slain by a centaur

Levels and vault maps discovered:
D:1:      evilmike_arrival_plus, layout_loops_ring
D:2:      cheibrodos_helix_gallery, layout_basic, kiku_gazebo_garden_becter,
          uniq_natasha, uniq_robin, uniq_jessica
D:3:      layout_basic, nicolae_dithmenos_shadow_blocks, first_ration,
          chequers_ecumenical_altar_simple_redux
D:4:      layout_loops_corners, minmay_temple_entry_statues_fountains,
          serial_shops, nicolae_shop_overgrown_old_shop, minmay_misc_feat_doors,
          uniq_edmund
D:5:      layout_basic, yredelemnul_forgotten_temple_becter, lemuel_round_altar,
          minmay_ogre_servants
Temple:   minmay_crystal_spiral_temple

Skill      XL: |  1  2  3  4  5  6  7 |
---------------+----------------------+-----
Axes           | 2 3 4 5 6 |  6.7
Maces & Flails | 2 |  2.7
Fighting       | |  3.2
Armour         | |  3.2
Shields        | |  3.2

Action                   |  1- 3 |  4- 6 |  7- 9 || total
-------------------------+-------+-------+-------++-------
Melee: War axe           |    82 |   352 |       ||   434
       Unarmed           |       |     4 |       ||     4
       Flail             |       |       |    39 ||    39
  Use: Potion            |     1 |       |     1 ||     2
       Scroll            |       |     2 |       ||     2
  Eat: Chunk             |       |     8 |       ||     8
       Ration            |       |     1 |       ||     1
Armor: Scale mail        |    65 |   167 |    24 ||   256
       Skin              |       |     3 |       ||     3
Dodge: Dodged            |    44 |   113 |    14 ||   171
Block: Shield            |    65 |   163 |    12 ||   240
